Map: 匹昂台地

Players

平步青云

  • Race: Terran Terran

电脑难度 (极难) - Winner!

  • Race: Terran Terran

VOD

Have the link to the VOD?

Description

Time

  • Played on: Jan. 1, 2016, 4:52 a.m.
  • Length: 13:32
Show
View Real Time Build Order
Export as new Build Order

平步青云 Terran 

Build Orders:  

Get SALT Encoding   

  12  0:01  SCV  
  13  0:13  SCV  
  14  0:21  Supply Depot  
  14  0:25  SCV  
  15  0:43  SCV  
  15  0:45  Barracks  
  16  0:55  SCV  
  17  0:59  Refinery  
  17  1:07  SCV  
  18  1:16  Barracks  
  18  1:19  SCV  
  19  1:31  SCV  
  20  1:33  Marine  
  21  1:43  SCV  
  21  1:44  Supply Depot  
  22  1:51  Marine  
  23  2:06  SCV  
  24  2:13  Barracks Tech Lab  
  24  2:19  Orbital Command  
  24  2:20  Refinery  
  24  2:25  Barracks Reactor  
  24  2:37  Command Center  
  24  2:41  Marine  
  25  2:50  SCV  
  26  2:58  Marine  
  26  3:04  Supply Depot  
  27  3:07  SCV  
  27  3:08  Marine x2  
  30  3:13  Factory  
  30  3:16  Marine  
  31  3:25  SCV  
  32  3:27  Supply Depot  
  32  3:37  SCV, Marine x2  
  32  3:41  Marauder  
  37  3:42  Concussive Shells  
  37  3:49  Engineering Bay  
  37  3:52  SCV  
  37  3:53  SCV  
  39  3:57  Marine  
  39  4:01  Factory Tech Lab  
  40  4:06  SCV x2  
  42  4:12  Marauder  
  42  4:14  Marine  
  42  4:16  Marine  
  46  4:32  Marine  
  46  4:34  Supply Depot, Siege Tank, Marine  
  51  4:42  Marauder  
  53  4:49  Marine  
  53  4:52  Marine  
  55  4:54  Starport  
  55  4:58  SCV  
  55  4:59  SCV  
  57  5:10  SCV  
  57  5:11  SCV  
  59  5:15  Factory  
  59  5:20  Starport  
  59  5:23  SCV x2  
  61  5:35  SCV x2  
  62  5:39  Marine x2, Marauder  
  67  5:44  Supply Depot  
  70  5:50  Siege Tank  
  70  5:55  Starport Reactor  
  70  5:59  Starport Tech Lab  
  70  6:03  Factory Reactor  
  70  6:06  Terran Infantry Weapons Level 1  
  70  6:07  Supply Depot  
  70  6:14  Marine x2  
  70  6:16  Marauder  
  74  6:30  Supply Depot  
  74  6:32  Marine x2  
  76  6:34  Banshee  
  76  6:37  Marauder  
  81  6:45  Refinery  
  81  6:48  SCV, Refinery  
  81  6:50  Marine x2  
  84  6:59  Marauder  
  84  7:00  SCV  
  87  7:06  Medivac  
  89  7:09  Cloaking Field  
  89  7:12  SCV  
  90  7:18  Marine x2  
  90  7:19  Marine  
  93  7:27  Barracks  
  93  7:32  Barracks  
  93  7:35  Marine  
  94  7:39  Supply Depot  
  94  7:58  Sensor Tower  
  94  8:01  Medivac  
  94  8:02  Supply Depot  
  96  8:07  SCV  
  96  8:10  Medivac x2  
  101  8:17  Barracks Reactor  
  101  8:19  SCV  
  102  8:23  Marine x3  
  102  8:26  Barracks Reactor  
  105  8:31  SCV  
  105  8:33  Supply Depot  
  106  8:41  Marine  
  106  8:43  SCV  
  108  8:55  SCV  
  104  9:23  Siege Tank  
  111  9:24  Hellion x2  
  111  9:32  Marine x2  
  111  9:33  Marine x5  
  118  9:46  Supply Depot  
  118  10:07  Marine x2  
  118  10:09  Supply Depot  
  120  10:18  Marine  
  120  10:19  Marine x4  
  125  10:22  Combat Shields  
  125  10:35  Supply Depot  
  125  10:44  Marine  
  125  10:45  Marine x6  
  125  10:49  Hellion  
  134  10:57  Supply Depot, Hellion, Siege Tank  
  139  11:02  Marine  
  140  11:16  Marine x2  
  142  11:18  Marine x4  
  142  11:20  Marine  
  142  11:25  Supply Depot  
  147  11:29  Siege Tank  
  150  11:46  Marine x6  
  156  11:49  Supply Depot  
  134  12:14  Supply Depot  
  100  12:34  Marine x3  
  100  12:35  Marine  
  100  12:36  Siege Tank  
  107  12:37  Supply Depot  
  107  12:38  Hellion x2  
  107  12:39  Medivac x2  
  105  12:51  Marine  
  105  12:52  Marine x2  
  105  13:01  Supply Depot  
Show
View Real Time Build Order
Export as new Build Order

电脑难度 (极难) Terran - Winner!

Build Orders: Bio Tank, MMM Bio 

Get SALT Encoding   

  12  0:00  SCV  
  13  0:13  SCV  
  14  0:19  Supply Depot  
  14  0:25  SCV  
  15  0:40  SCV  
  15  0:42  Barracks  
  16  0:52  SCV  
  17  1:04  SCV  
  18  1:17  SCV, Supply Depot  
  19  1:22  Refinery  
  19  1:29  SCV, Marine  
  21  1:41  SCV  
  22  1:47  Marine  
  22  1:52  Barracks  
  22  1:53  SCV  
  24  1:56  Refinery  
  24  2:02  Supply Depot  
  24  2:04  Marine  
  24  2:05  Orbital Command  
  25  2:22  Marine  
  26  2:30  SCV  
  27  2:40  Marine  
  27  2:42  SCV  
  27  2:43  Command Center  
  29  3:00  SCV  
  29  3:03  Factory, Marine  
  31  3:06  Marine  
  32  3:13  SCV  
  33  3:21  Marine  
  33  3:24  Marine  
  33  3:25  SCV  
  36  3:33  Barracks  
  36  3:37  SCV  
  36  3:39  Barracks Tech Lab  
  37  3:42  Barracks Tech Lab  
  37  3:47  Factory Tech Lab  
  37  3:49  SCV  
  37  3:54  SCV  
  39  3:56  Supply Depot  
  39  4:01  SCV, Marine  
  41  4:04  Marine  
  41  4:07  SCV  
  41  4:09  Stimpack  
  43  4:13  SCV  
  47  4:17  Siege Tank  
  47  4:19  SCV  
  47  4:20  Combat Shields  
  48  4:25  SCV  
  48  4:27  Marine  
  48  4:30  Marine  
  48  4:31  SCV  
  52  4:33  Marine  
  52  4:37  SCV  
  52  4:38  Supply Depot  
  54  4:43  SCV  
  55  4:46  Marauder  
  55  4:49  Marauder  
  59  4:55  Orbital Command  
  59  5:07  Marauder  
  59  5:10  Marauder  
  59  5:12  Supply Depot  
  63  5:19  Barracks Reactor  
  63  5:23  Starport  
  63  5:26  Engineering Bay  
  63  5:28  Marine  
  64  5:31  Marauder  
  66  5:36  Command Center  
  68  5:50  Marauder  
  68  5:53  Supply Depot  
  68  5:54  Terran Infantry Weapons Level 1  
  68  5:57  Marauder, Marine  
  68  6:01  Medivac  
  75  6:11  Marauder  
  75  6:18  Concussive Shells  
  75  6:19  Marauder  
  75  6:20  Supply Depot  
  77  6:30  Engineering Bay  
  77  6:31  Medivac  
  81  6:33  Marauder  
  81  6:40  Marauder  
  81  6:46  Barracks  
  83  6:50  SCV  
  86  6:54  Marauder  
  86  6:55  Terran Infantry Armor Level 1  
  86  7:03  Starport Reactor  
  86  7:06  Refinery  
  86  7:09  Refinery  
  86  7:13  Orbital Command  
  86  7:15  Missile Turret  
  86  7:16  Marine  
  86  7:17  Missile Turret  
  86  7:18  Marine  
  86  7:20  Marine x2  
  90  7:31  Command Center  
  90  7:37  SCV  
  91  7:39  SCV, Medivac  
  91  7:40  SCV  
  95  7:46  Medivac  
  95  7:49  SCV  
  98  7:51  Supply Depot  
  98  7:52  SCV  
  99  8:03  Marauder  
  101  8:06  Marauder  
  101  8:09  Viking  
  105  8:16  Viking  
  105  8:18  Supply Depot  
  107  8:28  Marauder  
  107  8:32  Marauder  
  111  8:38  Missile Turret  
  111  8:39  Viking  
  113  8:45  SCV  
  113  8:47  SCV  
  115  8:49  SCV  
  115  8:52  SCV  
  117  8:57  SCV  
  117  8:59  SCV, Marine  
  117  9:02  SCV, Marine  
  106  9:04  SCV  
  106  9:07  Marine  
  106  9:09  SCV, Marine  
  110  9:11  SCV, Marine  
  110  9:14  SCV  
  110  9:16  Marine  
  114  9:20  Marine  
  115  9:25  Marine  
  115  9:26  Siege Tank, Marine  
  115  9:29  Marine  
  121  9:34  Marine  
  121  9:35  Supply Depot  
  122  9:44  Planetary Fortress  
  122  9:49  Missile Turret  
  122  9:52  Missile Turret  
  122  9:53  Viking  
  122  9:57  Viking  
  122  9:58  Siege Tank  
  128  10:02  Supply Depot  
  128  10:06  Marauder  
  130  10:14  Armory  
  130  10:18  Missile Turret  
  130  10:23  Viking  
  130  10:24  Refinery  
  130  10:28  Supply Depot  
  132  10:30  Siege Tank  
  132  10:32  Refinery  
  132  10:34  Command Center  
  135  10:41  Missile Turret  
  135  10:50  Supply Depot, Factory  
  135  10:55  SCV x2  
  137  10:57  Starport  
  137  11:01  Terran Infantry Weapons Level 2  
  137  11:02  Siege Tank  
  140  11:05  Armory  
  140  11:16  SCV  
  140  11:20  Marine  
  140  11:23  Hi-Sec Auto Tracking  
  140  11:24  Supply Depot  
  141  11:26  Missile Turret  
  141  11:27  SCV x2  
  141  11:28  Missile Turret  
  141  11:34  Siege Tank  
  141  11:36  Command Center, Factory Tech Lab, Starport Tech Lab  
  144  11:42  SCV, Barracks  
  144  11:46  Barracks Tech Lab  
  144  11:51  Marine  
  144  11:53  Missile Turret  
  145  11:54  Siege Tank  
  145  11:57  High Capacity Fuel Tanks, Raven  
  145  11:59  Supply Depot  
  150  12:06  Siege Tank  
  137  12:09  Marine x2, Liberator  
  137  12:11  Marine x2  
  137  12:12  Marine  
  109  12:18  Liberator  
  93  12:23  Liberator  
  93  12:26  Cyclone  
  93  12:27  Marine  
  93  12:28  Marauder  
  93  12:29  Marine x2  
  103  12:30  Marauder  
  103  12:31  Marine  
  103  12:36  Command Center  
  108  12:38  Widow Mine  
  110  12:45  Marauder  
  110  12:46  Marine  
  110  12:47  Marine  
  110  12:49  Marauder  
  109  12:51  Marine  
  109  12:52  Marine  
  109  12:58  Widow Mine  
  107  13:04  Marine  
  107  13:05  Marine  
  106  13:07  Marauder  
  106  13:09  Marine  
  106  13:10  Marine  
  106  13:11  Marine  
Tags
 
Composition
Bio TankMMM Bio
Matchup
TvT
Race
Terran
Replay Pack
中心协议 (3)
Add a new tag
Caveats
  • Supply blocks, unpowered buildings, or Contaminate may cause inaccurate times.
  • Supply counts are checked every 10 seconds.